 Dungeon Crawl Stone Soup version 0.27-a0-1049-g450f9b2e0d (webtiles) character file.

Game seed: 15114734238349425744

39 Anon1729 the Ducker (level 3, -1/30 HPs)
             Began as a Djinni Monk on Apr 20, 2021.
             Was an Initiate of Ru.
             Slain by an orc
             ... wielding a +0 mace
              (5 damage)
             ... on level 2 of the Dungeon.
             The game lasted 00:02:29 (1462 turns).

Anon1729 the Ducker (Djinni Monk)                   Turns: 1462, Time: 00:02:30

Health: -1/30      AC:  3    Str: 11    XL:     3   Next: 47%
Gold:   33         EV: 13    Int: 11    God:    Ru [......] SH:  0 Dex: 15

rFire    + + .     SeeInvis .   f - +2 trident (protect)
rCold    x . .     Faith    .   (no shield)
rNeg     . . .     Spirit   .   b - +0 robe
rPois    ∞         Reflect  .   d - +0 helmet
rElec    .         Harm     .   (no cloak)
rCorr    .         Rampage  .   (no gloves)
Will     .....                  (boots unavailable)
Stlth    ..........             (no amulet)
HPRegen  0.10/turn              (no ring)
MPRegen  0.00/turn              (no ring)

@: flying
A: fire resistance 2, cold vulnerability 1, no stealth, float, innate caster, hp
casting, extra vitality 1
a: Renounce Religion


You were on level 2 of the Dungeon.
You worshipped Ru.
Ru was noncommittal.
You visited 1 branch of the dungeon, and saw 3 of its levels.

You collected 33 gold pieces.

Inventory:

Hand Weapons
 a - a +0 falchion
 f - a +2 trident of protection (weapon)
Armour
 b - a +0 robe (worn)
 d - a +0 helmet (worn)
Scrolls
 c - a scroll of blinking {unknown}
 e - a scroll of enchant weapon {unknown}
 g - a scroll of fog {unknown}


   Skills:
 + Level 3.4 Fighting
 + Level 3.1 Long Blades
 + Level 3.8 Dodging
   Level 0.0 Stealth


You had one spell level left.
You knew the following spells:

 Your Spells              Type           Power      Damage    Failure   Level
a - Summon Small Mammal   Summ           0%         N/A       34%         1
Your spell library was empty.

Dungeon Overview and Level Annotations

Branches:
Dungeon (3/15)

Altars:
Ru


Innate Abilities, Weirdness & Mutations

You are immune to poison.
Your flesh is very heat resistant. (rF++)
You are vulnerable to cold. (rC-)
You cannot be stealthy.
You float through the air rather than walking.
You learn spells naturally, not from books.
Your magical power is your life essence.
You have superior vitality. (+4 HP)


Message History

An orc is nearby! 2 orcs come into view.
The orc shouts!
An orc comes into view. It is wielding a +0 club.
The orc shouts!
You reach to attack!
You closely miss the orc. The orc barely misses you.
You hit the orc.
Your weapon exudes an aura of protection.
The orc is almost dead.
The orc hits you with a +0 short sword.
You closely miss the orc.
The orc is almost dead.
A goblin comes into view. It is wielding a +0 club.
The orc hits you but does no damage. The orc barely misses you.
You hit the orc.
You kill the orc!
The orc hits you with a +0 morningstar. The orc barely misses you.
You hit the orc but do no damage. The orc barely misses you.
The orc hits you but does no damage.
You hit the orc but do no damage. The orc closely misses you.
The orc hits you but does no damage. x2; The orc completely misses you.
You hit the orc but do no damage. The orc hits you but does no damage.
The orc hits you with a +0 morningstar. The orc completely misses you.
You hit the orc but do no damage. The orc misses you.
The orc barely misses you. The goblin barely misses you.
The orc hits you with a +0 mace. The orc hits you but does no damage.
The orc hits you with a +0 club.
You are too injured to fight recklessly!
You are too injured to fight recklessly!
There is a stone staircase leading up here.
The orc hits you but does no damage. The goblin hits you with a +0 club.
* * * LOW HITPOINT WARNING * * *
The orc barely misses you. The orc hits you with a +0 club.
* * * LOW HITPOINT WARNING * * *
You fly upwards.
There is a stone staircase leading down here.
You aren't carrying any potions.
Okay, then.
You barely miss the orc. The orc hits you with a +0 mace.
You die...

.#.##.......##.# #.#
.#[##........#.# #.#
##.##.......<#.# #.#
##.#........##(#####.#
...#........'.(#.....#
####........####.#####
.....####.### #o#
###..####.######g#
..............oo@#
###.####..########
#.......# # ######.##
# #.# # #.# ## #.# .#
#.# .# #.#


You could see 3 orcs and a goblin.

Vanquished Creatures
  2 adders (D:2)
  2 dart slugs
  An orc (D:3)
  2 bats
  2 endoplasms
  A goblin (D:2)
  3 hobgoblins
  2 kobolds
  2 rats
17 creatures vanquished.

Notes
Turn   | Place    | Note
-------+----------+-------------------------------------------
     0 | D:1      | Anon1729 the Djinni Monk began the quest for the Orb.
     0 | D:1      | Reached XP level 1. HP: 20/20 MP: 0/0
   350 | D:1      | Found a faded altar of an unknown god.
   383 | D:1      | Became a worshipper of Ru the Awakened
   395 | D:1      | Gained mutation: You cannot be stealthy. [Ru sacrifice]
   404 | D:1      | Reached XP level 2. HP: 25/25 MP: 0/0
  1200 | D:2      | Reached XP level 3. HP: 30/30 MP: 0/0
  1200 | D:2      | Learned a level 1 spell: Summon Small Mammal
  1462 | D:2      | Slain by an orc

Illustrated notes

Levels and vault maps discovered:
D:1:      tarquinn_simple_flora_water_e, layout_loops_ring,
          shapermc_ecumenical_altar_gd, moated_statue
D:2:      layout_basic
D:3:      due_chaos_kobolds, layout_basic, serial_shops, shop,
          nicolae_shop_window_shopping, shop, shop

Skill      XL: |  1  2 |
---------------+-------+-----
Stealth        | 0 |  0.0
Long Blades    | 3 |  3.1
Fighting       | |  3.4
Dodging        | |  3.8

Action                   || total
-------------------------++-------
Melee: Falchion          ||     6
       Trident           ||    46
Invok: Sacrifice Stealth ||     1
 Stab: Sleeping          ||     1
Armor: Robe              ||    26
Dodge: Dodged            ||    39
       Rpst.: Falchion   ||     2

Table legend: (Time is in decaauts)
 A = Elapsed time spent in this place.
 B = Non-inter-level travel time spent in this place.
 C = Inter-level travel time spent in this place.
 D = Time resting spent in this place.
 E = Time spent auto-exploring this place.
 F = Levels seen in this place.
 G = Mean time per level.
                   A        B        C        D        E       F      G
               +--------+--------+--------+--------+--------+-----+--------+
         Total |   1475 |   1417 |     58 |    345 |    924 |   3 |  491.7 |
       Dungeon |   1475 |   1417 |     58 |    345 |    924 |   3 |  491.7 |
               +--------+--------+--------+--------+--------+-----+--------+

Top non-repeatable levels by time:
     D:1: 770 daAuts
     D:2: 686 daAuts
     D:3: 18 daAuts
